Map: Oxide LE

Players

Anarchy - Winner!

  • Race: Terran Terran
  • League: Gold
  • Spawn Location: 1:00

Charless

  • Race: Terran Terran
  • Spawn Location: 7:00

VOD

Have the link to the VOD?

Description

Time

  • Played on: Oct. 26, 2020, 2:44 a.m.
  • Length: 17:25
Show
View Real Time Build Order
Export as new Build Order

Anarchy Terran - Winner!

Build Orders: Mech 

Get SALT Encoding   

  12  0:01  SCV  
  13  0:15  SCV  
  14  0:22  Supply Depot  
  14  0:27  SCV  
  15  0:29  Refinery  
  15  0:43  SCV  
  16  0:50  Barracks  
  16  0:55  SCV  
  17  1:07  SCV  
  18  1:20  SCV  
  20  1:37  Orbital Command  
  20  1:38  Barracks Tech Lab  
  19  1:42  Supply Depot  
  19  1:59  Command Center  
  19  2:17  Supply Depot  
  19  2:19  Supply Depot  
  19  2:21  SCV, Refinery  
  20  2:27  Reaper  
  21  2:33  SCV  
  22  2:41  Factory  
  22  2:45  SCV  
  23  2:57  SCV  
  24  3:10  SCV  
  25  3:22  SCV  
  26  3:33  Barracks Reactor, Orbital Command  
  26  3:34  SCV  
  27  3:43  Factory  
  27  3:46  SCV  
  28  3:54  Command Center  
  28  3:58  SCV, Siege Tank  
  32  4:04  SCV  
  33  4:10  SCV  
  33  4:16  SCV  
  35  4:17  Engineering Bay  
  35  4:22  SCV  
  36  4:28  SCV  
  36  4:30  Refinery  
  37  4:32  Refinery  
  37  4:34  SCV  
  38  4:40  SCV  
  38  4:55  Siege Tank  
  38  4:57  Hellion  
  38  4:58  Hellion  
  45  5:02  Missile Turret  
  45  5:13  SCV x2  
  47  5:25  SCV x2  
  49  5:31  Orbital Command  
  49  5:37  SCV  
  49  5:39  SCV  
  51  5:47  Neosteel Armor  
  51  5:49  SCV  
  52  5:51  Supply Depot  
  52  5:52  Supply Depot  
  52  5:56  Siege Tank  
  55  5:58  Hellion x2  
  55  6:03  Command Center  
  59  6:10  Armory  
  59  6:11  Armory, SCV  
  59  6:12  SCV x2  
  62  6:24  SCV x3  
  65  6:31  Factory  
  65  6:36  SCV x3, Factory  
  68  6:44  Siege Tank  
  71  6:51  Hellion x2  
  75  6:55  SCV x3  
  75  7:00  Terran Vehicle Weapons Level 1  
  75  7:01  Terran Vehicle And Ship Armor Level 1  
  78  7:07  SCV x3  
  81  7:08  Missile Turret  
  81  7:11  Missile Turret  
  81  7:12  Hellion x2  
  81  7:15  Missile Turret x2  
  85  7:16  Siege Tank  
  85  7:19  SCV x2  
  85  7:20  Refinery  
  85  7:21  SCV, Refinery  
  85  7:22  SCV  
  92  7:35  Factory Tech Lab  
  92  7:36  Factory Tech Lab  
  92  7:56  SCV x2  
  92  7:57  SCV  
  95  8:06  Thor x2  
  95  8:08  SCV  
  108  8:17  Supply Depot  
  108  8:19  Supply Depot  
  108  8:20  Supply Depot  
  108  8:22  Supply Depot  
  108  8:25  Supply Depot  
  108  8:38  SCV x3  
  108  8:39  Hellbat x2  
  108  8:40  Thor  
  121  8:50  SCV x3  
  121  8:54  Planetary Fortress  
  124  9:02  SCV x3  
  127  9:15  SCV x3  
  130  9:25  Thor x2  
  130  9:26  Missile Turret, Thor  
  130  9:28  Refinery, Missile Turret  
  130  9:30  Refinery  
  148  9:36  Supply Depot x3  
  148  9:37  Supply Depot  
  148  9:39  Supply Depot  
  148  9:47  Hellbat  
  148  9:58  Hellbat  
  150  10:02  Infernal Pre-Igniter  
  150  10:03  Mag-Field Accelerator  
  150  10:08  Hellion, Siege Tank x2  
  150  10:09  Siege Tank  
  150  10:11  Smart Servos  
  161  10:19  Hellbat  
  163  10:26  Factory  
  163  10:27  Factory  
  163  10:30  Hellbat  
  165  10:37  Factory  
  165  10:40  Siege Tank x2  
  165  10:41  Factory, Siege Tank  
  174  10:45  Supply Depot  
  174  10:48  Supply Depot  
  174  10:49  Supply Depot  
  175  10:50  SCV x4, Supply Depot  
  178  11:02  SCV x4, Supply Depot  
  180  11:04  Hellbat  
  180  11:05  Hellbat  
  184  11:19  Thor x2  
  196  11:26  Terran Vehicle Weapons Level 2, Terran Vehicle And Ship Armor Level 2  
  196  11:35  Command Center  
  196  11:36  Command Center  
  196  11:37  Factory Tech Lab x2  
  196  11:39  Factory Tech Lab  
  196  11:40  Factory Tech Lab  
  196  12:03  Refinery  
  196  12:29  Refinery  
  162  14:56  Refinery, Command Center  
  162  14:58  Refinery  
  162  15:40  Planetary Fortress  
  162  16:14  Command Center  
  162  16:18  Thor x2  
  162  16:19  Thor x3  
  162  16:20  Refinery, Sensor Tower  
  162  16:25  Refinery  
  183  16:39  Missile Turret  
  180  16:41  Missile Turret  
Show
View Real Time Build Order
Export as new Build Order

Charless Terran 

Build Orders:  

Get SALT Encoding   

  12  0:20  Supply Depot  
  12  0:21  SCV  
  13  0:33  SCV  
  14  0:45  SCV  
  15  0:50  Barracks  
  15  0:52  Supply Depot  
  15  0:58  SCV  
  16  1:10  SCV  
  17  1:22  SCV  
  18  1:39  Command Center  
  18  1:40  Marine  
  19  1:49  Refinery  
  19  1:58  Marine  
  20  2:07  Orbital Command  
  20  2:34  Refinery  
  20  2:39  SCV, Command Center  
  21  2:45  Marine  
  22  2:51  SCV  
  23  3:03  SCV  
  24  3:09  Orbital Command  
  24  3:16  SCV  
  25  3:25  Marine  
  26  3:28  SCV  
  27  3:40  SCV  
  28  3:43  Marine  
  29  3:52  SCV  
  30  4:01  Marine  
  31  4:04  SCV  
  32  4:10  SCV  
  33  4:18  Marine  
  33  4:23  SCV  
  35  4:33  SCV  
  35  4:35  SCV  
  37  4:45  SCV  
  38  4:47  SCV  
  39  4:56  Refinery, Marine  
  39  4:57  SCV  
  39  4:59  SCV  
  42  5:00  Refinery  
  42  5:09  SCV  
  42  5:11  Factory  
  42  5:14  Marine  
  44  5:21  SCV  
  44  5:26  SCV  
  46  5:32  Marine  
  46  5:34  SCV  
  48  5:38  SCV  
  49  5:45  Barracks  
  49  5:46  SCV  
  49  5:49  Marine  
  50  5:50  SCV  
  50  5:55  Factory  
  52  5:58  SCV  
  52  6:02  SCV x2  
  55  6:07  Marine  
  55  6:10  SCV  
  57  6:14  SCV x2  
  59  6:22  SCV  
  60  6:26  SCV  
  60  6:32  Refinery  
  61  6:34  Barracks  
  61  6:37  Factory Tech Lab  
  61  6:40  Factory  
  61  6:48  Barracks Tech Lab  
  61  7:05  Supply Depot  
  61  7:15  Engineering Bay  
  61  7:22  Barracks  
  61  7:26  SCV x3  
  61  7:27  Supply Depot  
  64  7:31  Barracks Tech Lab  
  64  7:38  SCV  
  64  7:39  SCV x2  
  64  7:41  Engineering Bay  
  67  7:47  Barracks Tech Lab  
  67  7:48  Supply Depot, Factory Tech Lab  
  67  7:49  Factory Tech Lab  
  67  7:50  Supply Depot  
  67  7:51  SCV x2  
  69  7:54  Marauder  
  69  7:55  Marauder  
  73  8:05  Orbital Command  
  73  8:10  Barracks  
  73  8:12  Supply Depot  
  73  8:16  Marauder x2  
  73  8:17  Barracks Reactor  
  73  8:19  Marine  
  78  8:28  Missile Turret  
  78  8:32  Missile Turret  
  78  8:36  Supply Depot  
  78  8:37  Marauder, Marine  
  78  8:38  Missile Turret, Marauder  
  83  8:50  Starport  
  83  8:55  Marine  
  84  8:58  Marauder, Barracks  
  84  8:59  Marauder  
  84  9:02  Supply Depot  
  88  9:04  Armory  
  88  9:09  Armory  
  88  9:10  Marine x2  
  88  9:13  Marine  
  91  9:20  Marauder x2  
  95  9:28  Combat Shield, Marine x2, Starport  
  95  9:29  Stimpack  
  95  9:30  Marine  
  98  9:32  Barracks Tech Lab  
  98  9:41  Marine x2  
  100  9:45  Marine  
  100  9:46  Marine  
  100  9:48  Marine  
  103  9:58  Marine  
  103  9:59  Marine  
  105  10:03  Marine, Thor  
  105  10:04  Marine  
  105  10:05  Starport  
  105  10:06  Marine  
  114  10:16  Marine  
  114  10:17  Marine  
  116  10:21  Marine  
  116  10:24  Supply Depot  
  117  10:46  Supply Depot, Marauder x3, Marine x2  
  125  10:51  Starport Tech Lab x3  
  125  11:00  Barracks Tech Lab  
  125  11:08  Marine x2, Thor  
  133  11:12  Supply Depot  
  133  11:33  Concussive Shells, Marine  
  133  11:34  Supply Depot, Marauder x3  
  140  11:49  Marine  
  141  11:55  Marine x2, Thor  
  141  12:01  Supply Depot  
  149  12:05  Supply Depot  
  149  12:22  Medivac, Marine x6  
  157  12:23  Supply Depot  
  157  12:27  Medivac, Thor  
  157  12:28  Supply Depot  
  165  12:42  Marine  
  165  12:45  Supply Depot, Marine x2, Medivac  
  165  12:49  Thor  
  168  12:51  Supply Depot, Thor  
  168  12:55  Medivac  
  173  12:59  Medivac  
  162  13:09  Supply Depot, Thor  
  140  13:14  Supply Depot  
  140  13:15  Medivac  
  97  13:25  Medivac  
  91  13:29  Medivac  
  91  13:31  Supply Depot  
  91  13:32  Thor  
  91  13:34  Thor  
  91  13:38  Supply Depot  
  91  13:45  Medivac  
  93  13:52  Thor  
  93  13:53  Supply Depot  
  93  13:54  Medivac  
  91  13:59  Medivac  
  91  14:00  Supply Depot  
  87  14:12  Marauder  
  87  14:15  Thor  
  87  14:17  Thor  
  97  14:21  Terran Vehicle Weapons Level 1  
  103  14:25  Supply Depot  
  101  14:34  Marauder  
  101  14:35  Thor  
  109  14:44  Barracks  
  109  14:48  Supply Depot  
  109  14:49  Missile Turret  
  109  14:55  Marauder  
  109  14:58  Siege Tank  
  109  14:59  Thor  
  120  15:11  Supply Depot, Hyperflight Rotors  
  120  15:14  Smart Servos  
  120  15:16  Drilling Claws  
  120  15:17  Marauder  
  120  15:18  Mag-Field Accelerator, Thor  
  128  15:30  Siege Tank  
  128  15:33  Barracks  
  128  15:35  Supply Depot  
  131  15:38  Marauder  
  131  15:39  Barracks  
  131  15:42  Thor  
  139  15:50  Barracks Tech Lab  
  139  15:58  Liberator  
  139  15:59  Marauder  
  139  16:00  Liberator  
  139  16:01  Siege Tank  
  139  16:02  Siege Tank, Liberator  
  156  16:21  Marauder  
  156  16:22  Barracks  
  140  16:27  Barracks  
  89  16:42  Marauder  
  79  17:04  Marauder  
  83  17:10  Barracks  
Tags
 
Composition
Mech
League
Gold
Matchup
TvT
Race
Terran
Spawn Locations
Cross Positions
Add a new tag
Caveats
  • Supply blocks, unpowered buildings, or Contaminate may cause inaccurate times.
  • Supply counts are checked every 10 seconds.